 Dungeon Crawl Stone Soup version 0.23.2-40-g277498a001 (webtiles) character file.

Game seed: 12524580336911301631

8409 Folks the Destroyer (level 10, -3/69 HPs)
             Began as a Demigod Conjurer on Aug 18, 2019.
             Killed themself with a badly aimed iceblast (14 damage)
             ... on level 1 of the Lair of Beasts.
             The game lasted 00:40:04 (11100 turns).

Folks the Destroyer (Demigod Conjurer)             Turns: 11100, Time: 00:40:05

Health: -3/69      AC:  8    Str: 13    XL:     10   Next: 84%
Magic:  3/21       EV: 13    Int: 27    God:
Gold:   396        SH:  0    Dex: 16    Spells: 2/19 levels left

rFire    x . .     SeeInvis .   p - staff of conjuration
rCold    + . .     Gourm    .   (no shield)
rNeg     . . .     Faith    .   N - +0 troll leather armour
rPois    .         Spirit   .   g - +2 helmet
rElec    .         Reflect  .   (no cloak)
rCorr    .         Harm     .   (no gloves)
MR       +....                  (no boots)
Stlth    ++........             (no amulet)
HPRegen  0.61/turn              r - ring of ice
MPRegen  0.17/turn              E - +4 ring of intelligence

@: no status effects
A: high mp 1
a: no special abilities


You were on level 1 of the Lair of Beasts.
You were hungry.

You visited 2 branches of the dungeon, and saw 10 of its levels.
You also visited: Ossuary.

You collected 432 gold pieces.
You spent 36 gold pieces at shops.

Inventory:

Hand Weapons
 b - a +2 dagger of venom
 d - a +0 dagger
 h - a +0 short sword
 t - a +0 halberd
 y - a +2 dagger of protection
 A - a +1 spear of freezing
Armour
 a - a +1 robe
 g - a +2 helmet (worn)
 l - a +0 ring mail
 K - a +0 robe of the Archmagi
 N - a +0 troll leather armour (worn)
Magical Staves
 p - an uncursed staff of conjuration (weapon)
 C - an uncursed staff of summoning
Jewellery
 n - an uncursed ring of wizardry
 r - a ring of ice (left hand)
 D - an uncursed amulet of rage {unknown}
 E - a +4 ring of intelligence (right hand)
 F - an uncursed ring of protection from fire
 M - an uncursed amulet of the acrobat {unknown}
Wands
 z - a wand of enslavement (7)
 B - a wand of iceblast (3)
 H - a wand of digging (1)
 J - a wand of paralysis (7)
Scrolls
 i - a scroll of identify
 k - a scroll of fear
 m - 9 scrolls of remove curse
 o - 9 scrolls of teleportation
 q - 3 scrolls of enchant armour
 w - a scroll of noise {unknown}
 x - a scroll of random uselessness
 I - a scroll of blinking {unknown}
Potions
 e - 2 potions of flight
 f - 2 potions of haste
 j - a potion of invisibility
 s - a potion of berserk rage
 u - a potion of lignification {unknown}
 v - a potion of agility
 L - a potion of might {unknown}
Comestibles
 c - 17 rations


   Skills:
 - Level 5.1 Armour
 - Level 3.1 Dodging
 - Level 1.7 Stealth
 - Level 5.2 Spellcasting
 * Level 10.6 Conjurations
 - Level 7.0 Hexes
 - Level 3.3 Translocations
 + Level 4.1 Fire Magic
 * Level 1.5 Evocations


You had 2 spell levels left.
You knew the following spells:

 Your Spells              Type           Power        Failure   Level  Hunger
a - Magic Dart            Conj           ####         1%          1    None
b - Searing Ray           Conj           ######       1%          2    None
c - Mephitic Cloud        Conj/Pois/Air  #####...     6%          3    #......
d - Fulminant Prism       Conj/Hex       ######....   2%          4    ###....
e - Force Lance           Conj/Tloc      ######..     4%          4    ###....
f - Conjure Flame         Conj/Fire      ######..     1%          3    #......

Your spell library contained the following spells:

 Spells                   Type           Power        Failure   Level  Hunger
 Slow                     Hex            #####...     1%          2    None
 Blink                    Tloc           N/A          3%          2    None
 Sandblast                Erth           #.....       9%          1    None
 Call Imp                 Summ           #.......     13%         2    None
 Passwall                 Tmut/Erth      #.......     13%         2    None
 Dazzling Spray           Conj/Hex       ######       1%          3    #......
 Iskenderun's Mystic Bla  Conj           #######.     1%          4    ###....
 Stone Arrow              Conj/Erth      ######       3%          3    #......
 Petrify                  Tmut/Erth      #.......     65%         4    ###....
 Lee's Rapid Deconstruct  Erth           #.........   94%         5    #####..


Dungeon Overview and Level Annotations

Branches:
Dungeon (9/15)             Temple (0/1) D:6            Lair (1/6) D:8
    Orc: D:9-12

Shops:
D:5 ?

Annotations:
D:6 2 transporters


Innate Abilities, Weirdness & Mutations

You have an increased reservoir of magic. (+10% MP)


Message History

The spiny frog stings you!! The black mamba bites you!
You are poisoned.
The black mamba poisons you! The spiny frog stings you!!
* * * LOW HITPOINT WARNING * * *
There is a stone staircase leading down, spattered with blood here.
Unknown command.
You feel better.
The black mamba bites you but does no damage.
The black mamba misses you. The spiny frog closely misses you.
Evoke which item? (* to show all) (? for menu, Esc to quit)
Aiming: Iceblast
Press: ? - help, Shift-Dir - straight line, f/p - black mamba
Aim: a black mamba (heavily wounded) That beam is likely to hit you.
Continue anyway?
The mass of ice explodes!
The iceblast engulfs the black mamba!
The black mamba is severely wounded.
The iceblast engulfs the spiny frog!
You kill the spiny frog!
The iceblast engulfs you! You partially resist.
You die...

#P##. ...........
...........# #
..........P .#
..........## ##.#
...........##...###
.................?.
.......†)..@.....#
......†††..S.....#
..?....<........##
................#
................P#
...................
..?.......#P###.###
..........### ..#
..........# ##


You could see a black mamba.

Vanquished Creatures
  A two-headed ogre (D:9)
  Psyche (D:8)
  Joseph (D:9)
  A spiny frog (Lair:1)
  2 trolls (D:9)
  A hippogriff (D:8)
  Sigmund (D:4)
  A wyvern (D:8)
  Grum (Lair:1)
  A water moccasin (D:6)
  5 porcupines
  An ice beast (D:5)
  2 sky beasts
  7 black bears
  4 orc warriors
  3 ogres
  3 wolves (Lair:1)
  A necrophage (D:8)
  3 crocodiles (D:8)
  8 centaurs
  4 big kobolds
  4 bullfrogs
  A scorpion (D:7)
  9 killer bees (D:7)
  2 howler monkeys
  2 bullfrog zombies
  3 crimson imps
  3 hounds
  6 jellies
  7 orc wizards
  A bullfrog skeleton (D:6)
  6 iguanas
  7 worker ants
  A hound skeleton (D:8)
  2 hound zombies (Ossuary)
  4 mummies
  A worker ant zombie (D:5)
  A howler monkey skeleton (D:5)
  5 adders
  7 gnolls
  2 shadow imps
  6 oozes
  An adder skeleton (D:5)
  An adder zombie (Ossuary)
  4 worms
  2 dart slugs
  2 leopard geckos
  19 orcs
  6 bats
  2 giant cockroaches (D:3)
  3 goblins
  7 hobgoblins
  12 jackals
  28 kobolds
  6 quokkas
  2 ball pythons (D:1)
  A ball python zombie (Ossuary)
  4 frilled lizards
  A hobgoblin zombie (D:4)
  4 leopard gecko skeletons
  A leopard gecko zombie (Ossuary)
  A quokka skeleton (D:8)
  6 rats
  A fulminant prism (D:9)
246 creatures vanquished.

Vanquished Creatures (others)
  26 fulminant prisms
  A plant (D:8)
  2 withered plants (Ossuary)
29 creatures vanquished.

Grand Total: 275 creatures vanquished

Notes
Turn   | Place    | Note
-------+----------+-------------------------------------------
     0 | D:1      | Folks the Demigod Conjurer began the quest for the Orb.
     0 | D:1      | Reached XP level 1. HP: 14/14 MP: 5/5
   263 | D:1      | Reached XP level 2. HP: 15/20 MP: 1/7
   450 | D:1      | Learned a level 2 spell: Searing Ray
  1033 | D:2      | Reached XP level 3. HP: 26/26 MP: 4/9
  1038 | D:2      | Learned a level 3 spell: Dazzling Spray
  1083 | D:2      | Reached skill level 4 in Conjurations
  1435 | D:3      | Reached XP level 4. HP: 30/33 MP: 7/11
  1802 | D:4      | Noticed Sigmund
  1807 | D:4      | Noticed an ogre
  1811 | D:4      | Killed Sigmund
  1811 | D:4      | Reached XP level 5. HP: 32/38 MP: 2/14
  2106 | D:4      | Reached XP level 6. HP: 45/45 MP: 4/16
  2137 | D:4      | Reached skill level 5 in Conjurations
  2206 | D:4      | Reached skill level 5 in Spellcasting
  2215 | D:4      | Found a sand-covered staircase.
  2249 | Ossuary  | Entered an ossuary
  2283 | Ossuary  | Learned a level 4 spell: Fulminant Prism
  2288 | Ossuary  | Learned a level 4 spell: Force Lance
  2489 | Ossuary  | Reached skill level 1 in Hexes
  2669 | D:4      | Reached XP level 7. HP: 45/50 MP: 11/18
  3037 | D:5      | Entered Level 5 of the Dungeon
  3328 | D:5      | Found an iron altar of Okawaru.
  3485 | D:5      | Found Kun Tup's Magic Scroll Shop.
  3489 | D:5      | Bought a scroll of remove curse for 36 gold pieces
  3624 | D:5      | Reached skill level 6 in Conjurations
  4191 | D:6      | Found a burning altar of Makhleb.
  4337 | D:6      | Found a staircase to the Ecumenical Temple.
  4352 | D:6      | Reached skill level 5 in Hexes
  4352 | D:6      | Reached XP level 8. HP: 37/57 MP: 11/19
  4414 | D:6      | Found a white marble altar of Elyvilon.
  4525 | D:6      | Found a shattered altar of Ashenzari.
  4633 | D:6      | Learned a level 3 spell: Mephitic Cloud
  4790 | D:6      | Learned a level 3 spell: Conjure Flame
  4890 | D:6      | Found a transporter.
  4904 | D:6      | Found a transporter.
  5187 | D:7      | Reached skill level 1 in Translocations
  5238 | D:7      | Reached skill level 7 in Conjurations
  5778 | D:7      | Reached XP level 9. HP: 60/62 MP: 5/20
  6070 | D:8      | Reached skill level 1 in Armour
  6351 | D:8      | Found a hazy altar of Hepliaklqana.
  7520 | D:7      | Reached skill level 8 in Conjurations
  7719 | D:8      | Reached skill level 5 in Armour
  7749 | D:8      | HP: 3/62 [poisoned by kobold (curare-tipped needle)]
  8490 | D:8      | Reached XP level 10. HP: 69/69 MP: 19/21
  8526 | D:8      | Reached skill level 1 in Fire Magic
  8748 | D:8      | Found a staircase to the Lair.
  8819 | D:8      | Noticed Psyche
  8836 | D:8      | Killed Psyche
  8836 | D:8      | Reached skill level 9 in Conjurations
  9928 | D:9      | Noticed a two-headed ogre
  9956 | D:9      | Killed a two-headed ogre
  9956 | D:9      | Reached skill level 10 in Conjurations
 10283 | D:9      | Noticed Joseph
 10300 | D:9      | Killed Joseph
 10915 | D:9      | Noticed an ice dragon
 11082 | Lair:1   | Entered Level 1 of the Lair of Beasts
 11082 | Lair:1   | Noticed Grum
 11087 | Lair:1   | Killed Grum
 11087 | Lair:1   | Reached skill level 1 in Evocations
 11092 | Lair:1   | Noticed a black mamba
 11100 | Lair:1   | Killed themself with a badly aimed iceblast

Skill      XL: |  1  2  3  4  5  6  7  8  9 10 |
---------------+-------------------------------+-----
Spellcasting   | 2 3 4 5 |  5.2
Conjurations   | 4 5 6 7 8 10 | 10.6
Hexes          | 2 5 7 |  7.0
Translocations | 2 3 |  3.3
Armour         | 5 |  5.1
Dodging        | 3 |  3.1
Fire Magic     | 4 |  4.1
Evocations     | 1 |  1.5
Stealth        | |  1.7

Action                   |  1- 3 |  4- 6 |  7- 9 | 10-12 || total
-------------------------+-------+-------+-------+-------++-------
Melee: Dagger            |    10 |    28 |     8 |       ||    46
       Short sword       |    15 |       |       |       ||    15
       Halberd           |    12 |    21 |       |       ||    33
       Spear             |       |       |    89 |    19 ||   108
       Staff             |       |       |       |     1 ||     1
 Cast: Magic Dart        |    24 |    14 |    17 |     7 ||    62
       Searing Ray       |     6 |    21 |    46 |    25 ||    98
       Dazzling Spray    |       |     5 |     5 |       ||    10
       Force Lance       |       |       |    30 |    22 ||    52
       Fulminant Prism   |       |       |    22 |     5 ||    27
       Mephitic Cloud    |       |       |    14 |    15 ||    29
       Conjure Flame     |       |       |     3 |     4 ||     7
Evoke: Wand              |       |       |     1 |     4 ||     5
  Use: Scroll            |       |     7 |    11 |     1 ||    19
       Potion            |       |       |     5 |     1 ||     6
 Stab: Sleeping          |    10 |     2 |     1 |       ||    13
       Invisible         |       |       |     2 |       ||     2
       Confused          |       |       |     1 |     1 ||     2
  Eat: Chunk             |     2 |     4 |    17 |    10 ||    33
       Ration            |       |       |     3 |       ||     3
Armor: Robe              |     8 |    22 |    20 |       ||    50
       Ring mail         |       |       |    57 |     8 ||    65
       Troll leather arm |       |       |       |     7 ||     7
Dodge: Dodged            |    16 |    64 |   177 |    26 ||   283
